 Dungeon Crawl Stone Soup version 0.28.0-53-g5a82cb258f (webtiles) character file.

Game seed: 10575702426183643597

261 mcbry74 the Covered (level 6, -17/52 HPs)
             Began as a Hill Orc Fighter on July 8, 2022.
             Was a Believer of Beogh.
             Demolished by Eustachio
             ... wielding a +2 rapier of electrocution
              (19 damage)
             ... on level 4 of the Dungeon.
             The game lasted 00:10:41 (3138 turns).

mcbry74 the Covered (Hill Orc Fighter)              Turns: 3138, Time: 00:10:42

Health: -17/52     AC: 18    Str: 19    XL:     6   Next: 18%
Magic:  8/8        EV:  9    Int: 10    God:    Beogh [**....]
Gold:   161        SH:  4    Dex: 10    Spells: 5/5 levels left

rFire   . . .      SeeInvis .   h - +2 mace (protect)
rCold   . . .      Faith    .   c - +0 buckler
rNeg    . . .      Spirit   .   b - +0 scale mail
rPois   +          Reflect  .   (no helmet)
rElec   .          Harm     .   (no cloak)
rCorr   .          Rampage  .   (no gloves)
Will    .....                   (no boots)
Stlth   ..........              (no amulet)
HPRegen 0.17/turn               j - +4 ring of protection
MPRegen 0.11/turn               r - ring of poison resistance

@: mighty, under a protective aura
A: no striking features
a: Renounce Religion, Smiting


You were on level 4 of the Dungeon.
You worshipped Beogh.
Beogh was pleased with you.
You visited 1 branch of the dungeon, and saw 5 of its levels.

You collected 161 gold pieces.

Inventory:

Hand Weapons
 a - a +0 flail
 h - a +2 mace of protection (weapon)
Missiles
 s - 26 stones (quivered)
Armour
 b - a +0 scale mail (worn)
 c - a +0 buckler (worn)
Jewellery
 e - a +6 ring of intelligence
 j - a +4 ring of protection (left hand)
 n - a +6 ring of dexterity
 r - a ring of poison resistance (right hand)
Scrolls
 f - a scroll of fear
 i - 2 scrolls of magic mapping
 p - a scroll of teleportation
 q - a scroll of identify
 t - a scroll of blinking {unknown}
Potions
 d - a potion of might
 g - a potion of ambrosia
 k - a potion of mutation {unknown}
 l - a potion of brilliance {unknown}
 m - 2 potions of curing
 o - a potion of resistance {unknown}


   Skills:
 - Level 4.1 Fighting
 * Level 4.6 Maces & Flails
 + Level 4.6 Armour
 - Level 4.0 Shields
 + Level 2.8 Invocations


You had 5 spell levels left.
You didn't know any spells.
Your spell library was empty.

Dungeon Overview and Level Annotations

Branches:
Dungeon (5/15)
 Temple: D:4-7

Altars:
Elyvilon
Vehumet
Beogh

Annotations:
D:4 Eustachio


Message History

a +0 short sword; 4 stones; a kobold corpse You hit Eustachio.
Eustachio is lightly wounded.
You block the bat's attack. The bat hits you but does no damage. x2
You block Eustachio's attack. The orc hits you with a +0 dagger.
You closely miss Eustachio.
Eustachio is lightly wounded.
The bat hits you but does no damage. The bat closely misses you.
The bat hits you but does no damage. Eustachio barely misses you.
The bat closely misses you. The orc barely misses you.
The bat hits you but does no damage.
Eustachio hits you with a +2 rapier of electrocution.
You feel very mighty all of a sudden. The bat hits you but does no damage.
The bat closely misses you. x2
You block the orc's attack. Eustachio barely misses you.
You closely miss Eustachio.
Eustachio is lightly wounded.
The bat hits you but does no damage. You block the bat's attack.
The bat hits you but does no damage. x2; The orc hits you with a +0 dagger.
Eustachio hits you but does no damage.
You are electrocuted!
You hit Eustachio.
Your weapon exudes an aura of protection.
Eustachio is lightly wounded.
The bat barely misses you. x2; The orc hits you with a +0 dagger.
The orc hits you but does no damage.
Eustachio hits you with a +2 rapier of electrocution.
You are electrocuted!
* * * LOW HITPOINT WARNING * * *
The bat hits you but does no damage. The orc hits you but does no damage.
You closely miss Eustachio.
Eustachio is lightly wounded.
The bat hits you but does no damage. You block the bat's attack.
Eustachio misses you. The orc closely misses you.
You sock Eustachio!
Eustachio is moderately wounded.
The bat barely misses you. The bat hits you but does no damage.
Eustachio hits you with a +2 rapier of electrocution.
* * * LOW HITPOINT WARNING * * *
You are electrocuted!!
You die...

#........................
#....................####
#........######+###### #
#####.....)... #
#...###### #...# #..o#
#.bo### #.oo@b# #####@#
b# # r# #. .# ..#. ..
.... ## #### #


You could see Eustachio, 4 orcs, a quokka (summoned) and 3 bats.

Vanquished Creatures
  A water moccasin skeleton (D:4)
  A bullfrog skeleton (D:4)
  A centaur skeleton (D:4)
  Jessica (D:2)
  A hound skeleton (D:4)
  5 adders
  An ufetubus (D:4)
  5 worms
  A dart slug (D:4)
  2 ball pythons
  8 bats
  3 endoplasms
  2 giant cockroaches
  3 goblins
  3 hobgoblins
  5 jackals
  A quokka (D:4)
  4 frilled lizards
  6 kobolds
  2 rats
56 creatures vanquished.

Notes
Turn   | Place    | Note
-------+----------+-------------------------------------------
     0 | D:1      | mcbry74 the Hill Orc Fighter began the quest for the Orb.
     0 | D:1      | Reached XP level 1. HP: 19/19 MP: 1/1
   226 | D:1      | Reached XP level 2. HP: 27/27 MP: 2/2
   675 | D:1      | Found a faded altar of an unknown god.
   735 | D:1      | Prayed at the altar of an unknown god.
   735 | D:1      | Became a worshipper of Beogh the Brigand
   735 | D:1      | Reached * piety under Beogh
  1027 | D:2      | Reached XP level 3. HP: 26/33 MP: 3/3
  1357 | D:2      | Reached XP level 4. HP: 40/40 MP: 4/4
  1572 | D:2      | Noticed Jessica
  1581 | D:2      | Killed Jessica
  1582 | D:2      | Reached skill level 1 in Invocations
  2074 | D:3      | Found a white marble altar of Elyvilon.
  2315 | D:3      | You fall into a shaft and drop 2 floors!
  2315 | D:5      | Entered Level 5 of the Dungeon
  2343 | D:5      | Found a radiant altar of Vehumet.
  2377 | D:4      | Reached XP level 5. HP: 44/46 MP: 6/6
  2701 | D:3      | Reached ** piety under Beogh
  2937 | D:4      | Reached XP level 6. HP: 42/52 MP: 6/8
  3122 | D:4      | Noticed Eustachio
  3138 | D:4      | HP: 2/52 [Eustachio/+2 rapier of electrocution (5)]
  3138 | D:4      | Demolished by Eustachio

Illustrated notes

Levels and vault maps discovered:
D:1:      lightli_arrival_lavapool, layout_loops_corners,
          dreamdust_ecumenical_altar_grove
D:2:      minmay_angry_zag, layout_basic, uniq_jessica
D:3:      layout_loops_cross, general_overflow_altar
D:4:      layout_basic, uniq_eustachio
D:5:      layout_loops_ring, nicolae_vehumet_altar_sigil, st_stairs_10,
          nicolae_shop_clearance

Skill      XL: |  1  2  3  4  5 |
---------------+----------------+-----
Fighting       | 4 |  4.1
Maces & Flails | 3 4 |  4.6
Armour         | 4 |  4.6
Shields        | 4 |  4.0
Invocations    | 1 2 |  2.8

Action                   |  1- 3 |  4- 6 || total
-------------------------+-------+-------++-------
Melee: Flail             |    15 |       ||    15
       Mace              |    53 |   115 ||   168
  Use: Scroll            |       |     8 ||     8
       Potion            |       |     1 ||     1
Armor: Scale mail        |    29 |   141 ||   170
Dodge: Dodged            |    30 |    98 ||   128
Block: Buckler           |    18 |    67 ||    85
